 Dungeon Crawl Stone Soup version 0.31-a0-870-g10ed682358 (webtiles) character file.

Game seed: 2496102549420510816

183 BinkBink the Chopper (level 5, 0/75 HPs)
             Began as a Minotaur Berserker on Oct 12, 2023.
             Was a Believer of Trog.
             Slain by a black bear (7 damage)
             ... on level 4 of the Dungeon.
             The game lasted 00:04:17 (3576 turns).

BinkBink the Chopper (Minotaur Berserker)           Turns: 3576, Time: 00:04:17

Health: 0/75       AC:  2    Str: 24    XL:     5   Next: 35%
Magic:  4/4        EV: 12    Int:  4    God:    Trog [**....]
Gold:   310        SH:  0    Dex:  9    Spells: 4/4 levels left

rFire   . . .        a - +0 hand axe
rCold   . . .        (no shield)
rNeg    . . .        b - +0 animal skin
rPois   .            (helmet restricted)
rElec   .            (no cloak)
rCorr   .            (no gloves)
SInv    .            (no boots)
Will    .....        u - amulet of faith Stlth
                     p - ring of flight
HPRegen 0.32/turn    (no ring)
MPRegen 0.09/turn

%: faith
@: berserking, flying, very quick
A: horns 2, retaliatory headbutt
a: Renounce Religion, Berserk, Trog's Hand


You were on level 4 of the Dungeon.
You worshipped Trog.
Trog was pleased with you.
You visited 1 branch of the dungeon, and saw 4 of its levels.

You collected 310 gold pieces.

Inventory:

Hand Weapons
 a - a +0 hand axe (weapon)
Missiles
 d - 2 throwing nets
Armour
 b - a +0 animal skin (worn)
 q - a +0 kite shield
Jewellery
 i - a ring of ice
 p - a ring of flight (left hand)
 u - an amulet of faith (around neck)
Wands
 s - a wand of roots (20)
Scrolls
 c - 7 scrolls of identify {unknown}
 f - a scroll of fear {unknown}
 g - 2 scrolls of blinking {unknown}
 k - 2 scrolls of silence {unknown}
 l - 3 scrolls of enchant armour {unknown}
 n - a scroll of revelation {unknown}
 o - 2 scrolls of teleportation {unknown}
 r - a scroll of noise {unknown}
Potions
 e - 2 potions of magic {unknown}
 h - 6 potions of curing {unknown}
 j - a potion of mutation {unknown}
 m - a potion of might {unknown}
 t - a potion of brilliance {unknown}
 v - a potion of resistance {unknown}
 w - a potion of degeneration {unknown}


   Skills:
 + Level 5.8 Fighting
 + Level 5.8 Axes
 - Level 2.4 Armour
 - Level 2.1 Dodging


You had 4 spell levels left.
You didn't know any spells.
Your spell library was empty.

Dungeon Overview and Level Annotations

Branches:
Dungeon (4/15)             Temple (0/1) D:4

Altars:
Cheibriados
Sif Muna
Trog

Annotations:
D:3 1 runed translucent door, wpisznazwe's ghost, amateur TeDe


Innate Abilities, Weirdness & Mutations

You have a pair of horns on your head.
You reflexively headbutt those who attack you in melee.


Message History

A black bear is nearby!
There is a bloodstained altar of Trog here.
You don't know any spells.
Cleave: a) +0 hand axe
Press: ? - help, Dir - move target, f - you
Okay, then.
You start putting on your amulet.
You continue putting on your amulet of faith. x4
The black bear barely misses you. x3
You continue putting on your amulet of faith.
The black bear bites you. The black bear claws you. x2
You finish putting on your amulet of faith.
You feel a surge of divine interest.
u - an amulet of faith (around neck)
You hit the black bear.
The black bear is lightly wounded.
The black bear misses you. The black bear claws you.
The black bear completely misses you.
You slash the black bear! Your punch misses the black bear.
The black bear is moderately wounded.
The black bear bites you! The black bear claws you. x2
You closely miss the black bear.
The black bear is moderately wounded.
The black bear bites you! The black bear claws you. x2
You hit the black bear. You headbutt the black bear!
The black bear is severely wounded.
The black bear bites you!
* * * LOW HITPOINT WARNING * * *
The black bear claws you.
* * * LOW HITPOINT WARNING * * *
The black bear claws you.
* * * LOW HITPOINT WARNING * * *
A red film seems to cover your vision as you go berserk!
You feel yourself moving faster!
You feel mighty!
The black bear goes berserk!
You barely miss the black bear.
The black bear is severely wounded.
You slash the worm! The black bear bites you!
* * * LOW HITPOINT WARNING * * *
The black bear claws you!
You die...

#....#....#####.#..# #.#
..^.........##>...>########.#
##...#....#.#...............#
###.###.#.............####..#####
.#### #.#...####.####.# #.......
.######.##..##.....##.# ##.#####
.###........#.......#.# #..####
......#.##..#...†...#.# #.....)
.....##.##.....w@.....# #..####
..... #.....#...h...#.# #(.#
..... ####..#.......#.# #..#
..... #..##.....##.# #..# .###h
#..####.####.#####..# .###.
#..h................# .###.
#...#........#####.##
#..................
##.###.......######


You could see a black bear (berserk) and a worm.

Vanquished Creatures
  A gnoll bouda (D:3)
  7 gnolls
  4 adders
  A dart slug (D:1)
  5 bats
  5 endoplasms
  5 giant cockroaches
  5 hobgoblins
  4 kobolds
  3 quokkas
  8 ball pythons
  5 frilled lizards
  2 goblins (D:1)
  2 rats
57 creatures vanquished.

Notes
Turn   | Place    | Note
-------+----------+-------------------------------------------
     0 | D:1      | BinkBink the Minotaur Berserker began the quest for the
                  | Orb.
     0 | D:1      | Reached XP level 1. HP: 19/19 MP: 0/0
   135 | D:1      | Reached XP level 2. HP: 27/27 MP: 1/1
   524 | D:1      | Found a faded altar of an unknown god.
   524 | D:1      | Noticed an Ice Fiend
   946 | D:2      | Found a shimmering blue altar of Sif Muna.
  1093 | D:2      | Reached ** piety under Trog
  1104 | D:2      | Reached XP level 3. HP: 33/34 MP: 2/2
  1802 | D:2      | Reached XP level 4. HP: 40/41 MP: 3/3
  1855 | D:2      | Reached skill level 5 in Fighting
  1855 | D:2      | Reached skill level 5 in Axes
  2227 | D:3      | Found a runed translucent door.
  2238 | D:3      | Noticed a bullfrog
  2651 | D:3      | Noticed wpisznazwe's ghost (amateur TeDe)
  2774 | D:4      | Found a staircase to the Ecumenical Temple.
  2794 | D:4      | HP: 2/42 [gnoll/+0 flail[a gnoll bouda] (3)]
  3012 | D:3      | Reached XP level 5. HP: 13/49 MP: 4/4
  3241 | D:4      | Found a bloodstained altar of Trog.
  3547 | D:4      | Found a snail-covered altar of Cheibriados.
  3547 | D:4      | Noticed a black bear
  3576 | D:4      | Slain by a black bear

Illustrated notes

Levels and vault maps discovered:
D:1:      moated_graveyard_arrival, layout_basic,
          dreamdust_ecumenical_altar_sealed_demon
D:2:      layout_basic, basic_altar, minmay_circled_x
D:3:      layout_rooms, ebering_ghost_sewer_d, minmay_crystal_water,
          dreamdust_princess_bridge, minivault_19
D:4:      layout_loops_ring, slow_altar_1, old_standard_altar,
          minmay_temple_entry_metal_lava, serial_park_tiny_2

Skill      XL: |  1  2  3  4 |
---------------+-------------+-----
Fighting       | 4 5 |  5.8
Axes           | 4 5 |  5.8
Armour         | |  2.4
Dodging        | |  2.1

Action                     |  1- 3 |  4- 6 || total
---------------------------+-------+-------++-------
  Melee: Hand axe          |    62 |    66 ||   128
         Headbutt          |    11 |     7 ||    18
         Punch             |       |     1 ||     1
 Invoke: Berserk           |       |     2 ||     2
         Trog's Hand       |       |     1 ||     1
 Armour: Animal skin       |    40 |    44 ||    84
  Dodge: Dodged            |    44 |    56 ||   100

Table legend: (Time is in decaauts)
 A = Elapsed time spent in this place.
 B = Non-inter-level travel time spent in this place.
 C = Inter-level travel time spent in this place.
 D = Time resting spent in this place.
 E = Time spent auto-exploring this place.
 F = Levels seen in this place.
 G = Mean time per level.
                   A        B        C        D        E       F      G
               +--------+--------+--------+--------+--------+-----+--------+
         Total |   3599 |   3446 |    153 |    341 |   2670 |   4 |  899.8 |
       Dungeon |   3599 |   3446 |    153 |    341 |   2670 |   4 |  899.8 |
               +--------+--------+--------+--------+--------+-----+--------+

Top non-repeatable levels by time:
     D:2: 1083 daAuts
     D:1: 1055 daAuts
     D:3: 914 daAuts
     D:4: 546 daAuts
